 Dungeon Crawl Stone Soup version 0.14.0-25-g43f8a4e (webtiles) character file.

81 Chiseanne the Covered (level 2, -7/22 HPs)
             Began as a Demonspawn Wanderer on Apr 24, 2014.
             Mangled by an ogre
             ... wielding a +0,+0 giant spiked club
              (27 damage)
             ... on Level 2 of the Dungeon.
             The game lasted 00:03:11 (948 turns).

Chiseanne the Covered (Demonspawn Wanderer)          Turns: 948, Time: 00:03:11

HP  -7/22        AC  5     Str 12      XL: 2   Next: 89%
MP   2/2         EV 10     Int 14      God:
Gold 55          SH  9     Dex 11      Spells:  0 memorised,  1 level left

rFire  . . .     SeeInvis .     a - +1,+2 crossbow
rCold  . . .     Clarity  .     n - +0 leather armour
rNeg   . . .     Conserve .     g - +2 buckler
rPois  .         rCorr    .     m - +0 helmet
rElec  .         rRot     .     (no cloak)
SustAb + .       Spirit   .     (no gloves)
rMut   .         Warding  .     (no boots)
Saprov . . .     Stasis   .     (no amulet)
MR     .....                    (no ring)
                                e - ring of sustain abilities

@: not resistant to hostile enchantments, unstealthy
A: molten scales 1
a: no special abilities


You were on level 2 of the Dungeon.
You were not hungry.

You visited 1 branch of the dungeon, and saw 2 of its levels.

You collected 55 gold pieces.

Inventory:

Hand weapons
 a - a +1,+2 crossbow (weapon)
 b - a +0,+0 mace
Missiles
 d - 21 bolts (quivered)
 j - 5 needles of confusion
Armour
 g - a +2 buckler (worn)
 m - a +0 helmet (worn)
 n - a +0 leather armour (worn)
Comestibles
 c - an apple
 f - 2 bread rations
 l - a choko
Scrolls
 k - a scroll of remove curse
Jewellery
 e - a ring of sustain abilities (left hand)
Potions
 h - a potion of curing {unknown}
 i - a potion of haste {unknown}
 q - a potion of poison {unknown}


   Skills:
 * Level 1.8 Fighting
 - Level 1.0 Crossbows
 - Level 2.6 Armour
 * Level 1.5 Dodging
 - Level 1.0 Stealth
 * Level 1.3 Shields
   Level 2.0 Conjurations
   Level 1.0 Charms


You had one spell level left.
You didn't know any spells.

Dungeon Overview and Level Annotations

Branches:
Dungeon (2/15)

Altars:
Sif Muna


Innate Abilities, Weirdness & Mutations

You are partially covered in molten scales (AC +1).


Message History

Press: ? - help, Shift-Dir - straight line, f/p - ogre
Aim: an ogre, wielding a giant spiked club (moderately wounded)
You shoot a bolt. The bolt hits the ogre.
The ogre is heavily wounded.
You block the ogre's attack.
Firing (i - inventory):
d - 23 bolts (quivered)
Press: ? - help, Shift-Dir - straight line, f/p - ogre
Aim: an ogre, wielding a giant spiked club (moderately wounded)
You shoot a bolt. The bolt hits the ogre.
The ogre is heavily wounded.
You block the ogre's attack.
The ogre hits you with a giant spiked club.
Firing (i - inventory):
d - 22 bolts (quivered)
Press: ? - help, Shift-Dir - straight line, f/p - ogre
Aim: an ogre, wielding a giant spiked club (heavily wounded)
You shoot a bolt. The bolt hits the ogre.
The ogre is severely wounded.
The ogre hits you with a giant spiked club!
Ouch! That really hurt!
You die...

.... ... #.# ### #.........# #...
#.# ..# #.........# #. ##.# #.#
#.........# # #... g #.#
.........# ....#... ... #.#
........# #........ ...#.♣###.#
#.......# #........
..§§P.....#####.......###........
.#..P♣♣.#.(..(.O@.....#..........
...♣§♣♣#.................#....##
..P♣♣.P#.................#...#
.P♣..PP.#.................#...###
♣♣.PP§♣♣#.................#......
.....♣♣##........................
.P♣.♣♣♣##.%.......###............
♣♣P..##........(#####..........
♣♣.P..'..........%........>....


You could see an ogre.

Vanquished Creatures
  3 giant geckos
  An ooze (D:2)
  4 bats
  5 hobgoblins
  2 jackals (D:1)
  A ball python (D:2)
  2 giant newts
  A goblin (D:1)
  2 kobolds
  A rat (D:1)
22 creatures vanquished.

Notes
Turn   | Place    | Note
--------------------------------------------------------------
     0 | D:1      | Chiseanne, the Demonspawn Wanderer, began the quest for the Orb.
     0 | D:1      | Reached XP level 1. HP: 15/15 MP: 1/1
   127 | D:1      | Reached skill level 1 in Dodging
   127 | D:1      | Gained mutation: You are partially covered in molten scales (AC +1). [demonic ancestry]
   127 | D:1      | Reached XP level 2. HP: 18/21 MP: 2/2
   933 | D:2      | Found a deep blue altar of Sif Muna.
   933 | D:2      | Noticed an ogre
   948 | D:2      | Mangled by an ogre

Action                   || total
-------------------------++-------
 Fire: Crossbow          ||    43
  Use: Scroll            ||     5
